 Dungeon Crawl Stone Soup version 0.28.0-43-g3370ac3207 (webtiles) character file.

Game seed: 15616488785491956174

198 Ablot the Grasshopper (level 5, 0/43 HPs)
             Began as a Gnoll Warper on Mar 19, 2022.
             Slain by an orc priest
             ... wielding a +0 trident
              (7 damage)
             ... on level 3 of the Dungeon.
             The game lasted 00:05:19 (5412 turns).

Ablot the Grasshopper (Gnoll Warper)                Turns: 5412, Time: 00:05:20

Health: 0/43       AC:  4    Str: 12    XL:     5   Next: 77%
Magic:  12/12      EV: 13    Int: 12    God:
Gold:   53         SH:  0    Dex: 12    Spells: 12/14 levels left

rFire   . . .      SeeInvis .   a - +0 spear
rCold   . . .      Faith    .   (no shield)
rNeg    + . .      Spirit   .   p - +1 robe {rN+}
rPois   .          Reflect  .   r - +0 helmet
rElec   .          Harm     .   (no cloak)
rCorr   .          Rampage  .   (no gloves)
Will    .....                   (no boots)
Stlth   ++........              (no amulet)
HPRegen 0.14/turn               (no ring)
MPRegen 0.13/turn               (no ring)

@: no status effects
A: fangs 1, strong nose, distributed training
a: no special abilities


You were on level 3 of the Dungeon.
You visited 1 branch of the dungeon, and saw 3 of its levels.

You collected 53 gold pieces.

Inventory:

Hand Weapons
 a - a +0 spear (weapon)
Missiles
 d - 5 boomerangs of dispersal
 f - 99 stones
 g - 53 arrows
 o - 23 bolts
 u - 2 boomerangs (quivered)
Armour
 p - a +1 robe of positive energy (worn)
 r - a +0 helmet (worn)
Scrolls
 c - 2 scrolls of blinking
 i - a scroll of fear {unknown}
 k - 3 scrolls of teleportation {unknown}
 l - 3 scrolls of identify {unknown}
 n - a scroll of magic mapping {unknown}
 s - a scroll of enchant armour {unknown}
 t - a scroll of torment {unknown}
Potions
 b - a potion of mutation {unknown}
 e - a potion of curing {unknown}
 h - a potion of ambrosia {unknown}
 j - a potion of attraction {unknown}
 m - a potion of magic {unknown}
 q - a potion of degeneration {unknown}


   Skills:
 + Level 4.8 Fighting
 + Level 1.6 Short Blades
 + Level 1.6 Long Blades
 + Level 1.6 Axes
 + Level 1.6 Maces & Flails
 + Level 4.8 Polearms
 + Level 1.6 Staves
 + Level 1.6 Slings
 + Level 1.6 Bows
 + Level 1.6 Crossbows
 + Level 3.0 Throwing
 + Level 3.0 Armour
 + Level 4.8 Dodging
 + Level 1.6 Stealth
 + Level 1.6 Shields
 + Level 1.6 Unarmed Combat
 + Level 5.2 Spellcasting
 + Level 1.3 Conjurations
 + Level 1.3 Hexes
 + Level 1.3 Summonings
 + Level 1.3 Necromancy
 + Level 5.6 Translocations
 + Level 1.3 Transmutations
 + Level 1.3 Fire Magic
 + Level 1.3 Ice Magic
 + Level 1.3 Air Magic
 + Level 1.3 Earth Magic
 + Level 1.3 Poison Magic
 + Level 1.8 Invocations
 + Level 1.6 Evocations


You had 12 spell levels left.
You knew the following spells:

 Your Spells              Type           Power      Damage    Failure   Level
a - Blink                 Tloc           32%        N/A       3%          2

Your spell library contained the following spells:

 Spells                   Type           Power      Damage    Failure   Level
 Gell's Gravitas          Tloc           16%        N/A       6%          3
 Lesser Beckoning         Tloc           16%        N/A       6%          3
 Teleport Other           Tloc           16%        N/A       6%          3
 Conjure Flame            Conj/Fire      6%         6-21      34%         3
 Ignite Poison            Fire/Tmut/Pois 6%         N/A       34%         3
 Manifold Assault         Tloc           16%        N/A       50%         5
 Sticky Flame             Conj/Fire      6%         2d3       75%         4


Dungeon Overview and Level Annotations

Branches:
Dungeon (3/15)

Altars:


Innate Abilities, Weirdness & Mutations

You have very sharp teeth.
Your uncanny sense of smell can sniff out nearby items.
Your experience applies equally to all skills.


Message History

You reach to attack!
You closely miss the orc priest.
The orc priest is heavily wounded.
The orc priest hits you from afar with a +0 trident!
* * * LOW HITPOINT WARNING * * *
Reach: a) +0 spear
Press: ? - help, Dir - move target, f/p - orc priest
Aim: an orc priest, wielding a +0 trident and wearing a +0 chain mail (heavily wounded, about 29% to evade your +0 spear)
You reach to attack!
You hit the orc priest but do no damage.
The orc priest is heavily wounded.
The orc priest closely misses you.
Reach: a) +0 spear
Press: ? - help, Dir - move target, f/p - orc priest
Aim: an orc priest, wielding a +0 trident and wearing a +0 chain mail (heavily wounded, about 29% to evade your +0 spear)
You reach to attack!
You closely miss the orc priest.
The orc priest is heavily wounded.
The orc priest barely misses you.
Reach: a) +0 spear
Press: ? - help, Dir - move target, f/p - orc priest
Aim: an orc priest, wielding a +0 trident and wearing a +0 chain mail (heavily wounded, about 29% to evade your +0 spear)
You reach to attack!
You hit the orc priest but do no damage.
The orc priest is heavily wounded.
The orc priest hits you from afar with a +0 trident.
* * * LOW HITPOINT WARNING * * *
Unknown command.
Reach: a) +0 spear
Press: ? - help, Dir - move target, f/p - orc priest
Aim: an orc priest, wielding a +0 trident and wearing a +0 chain mail (heavily wounded, about 29% to evade your +0 spear)
You reach to attack!
You hit the orc priest but do no damage.
The orc priest is heavily wounded.
Reach: a) +0 spear
Press: ? - help, Dir - move target, f/p - orc priest
Aim: an orc priest, wielding a +0 trident and wearing a +0 chain mail (heavily wounded, about 29% to evade your +0 spear)
You reach to attack!
You hit the orc priest but do no damage.
The orc priest is heavily wounded.
The orc priest hits you from afar with a +0 trident!
You die...

#.... #...# #...# #
#...#######.# .
#.........#.#..
##.#####).)#####......
#.....)<).)...........
......................
#.............@.o.##..
...###.#..........# .
## #.#...#.####.....
#.#...#.# ###.
#####.#...#.#
#.........#.#
#.###.......# ∆
#.#####...###
#..######## #########∆


You could see an orc priest.

Vanquished Creatures
  A howler monkey (D:2)
  Jessica (D:2)
  Robin (D:2)
  A gnoll (D:3)
  3 adders (D:2)
  A worm (D:2)
  3 dart slugs (D:1)
  3 orcs (D:2)
  4 ball pythons
  4 bats (D:1)
  7 endoplasms
  4 giant cockroaches
  17 goblins
  4 hobgoblins (D:1)
  3 quokkas
  3 frilled lizards (D:1)
  6 kobolds
  4 rats
70 creatures vanquished.

Notes
Turn   | Place    | Note
-------+----------+-------------------------------------------
     0 | D:1      | Ablot the Gnoll Warper began the quest for the Orb.
     0 | D:1      | Reached XP level 1. HP: 20/20 MP: 6/6
    39 | D:1      | Reached XP level 2. HP: 22/26 MP: 7/7
   514 | D:1      | Reached XP level 3. HP: 31/31 MP: 9/9
   517 | D:1      | Learned a level 2 spell: Blink
   693 | D:1      | Reached skill level 5 in Spellcasting
   993 | D:1      | Reached skill level 1 in Invocations
  1588 | D:2      | Noticed Jessica
  1594 | D:2      | Killed Jessica
  1595 | D:2      | Reached skill level 1 in Short Blades
  1595 | D:2      | Reached skill level 1 in Long Blades
  1595 | D:2      | Reached skill level 1 in Axes
  1595 | D:2      | Reached skill level 1 in Maces & Flails
  1595 | D:2      | Reached skill level 1 in Staves
  1595 | D:2      | Reached skill level 1 in Slings
  1595 | D:2      | Reached skill level 1 in Bows
  1595 | D:2      | Reached skill level 1 in Crossbows
  1595 | D:2      | Reached skill level 1 in Stealth
  1595 | D:2      | Reached skill level 1 in Shields
  1595 | D:2      | Reached skill level 1 in Unarmed Combat
  1595 | D:2      | Reached skill level 1 in Evocations
  1595 | D:2      | Reached XP level 4. HP: 38/38 MP: 11/11
  1929 | D:2      | Reached skill level 1 in Conjurations
  1929 | D:2      | Reached skill level 1 in Hexes
  1929 | D:2      | Reached skill level 1 in Summonings
  1929 | D:2      | Reached skill level 1 in Necromancy
  1929 | D:2      | Reached skill level 1 in Transmutations
  1929 | D:2      | Reached skill level 1 in Fire Magic
  1929 | D:2      | Reached skill level 1 in Ice Magic
  1929 | D:2      | Reached skill level 1 in Air Magic
  1929 | D:2      | Reached skill level 1 in Earth Magic
  1929 | D:2      | Reached skill level 1 in Poison Magic
  2573 | D:2      | Noticed Robin
  2592 | D:2      | Reached XP level 5. HP: 21/43 MP: 12/12
  2922 | D:2      | Killed Robin
  5412 | D:3      | Slain by an orc priest

Illustrated notes

Levels and vault maps discovered:
D:1:      roderic_octagonal_star, layout_basic, patterned_corridor
D:2:      layout_basic, chequers_hall_statues_corner_a, uniq_robin, uniq_jessica
D:3:      layout_loops_cross

Skill      XL: |  1  2  3  4  5 |
---------------+----------------+-----
Spellcasting   | 5 |  5.2
Invocations    | 1 |  1.8
Short Blades   | 1 |  1.6
Long Blades    | 1 |  1.6
Axes           | 1 |  1.6
Maces & Flails | 1 |  1.6
Staves         | 1 |  1.6
Slings         | 1 |  1.6
Bows           | 1 |  1.6
Crossbows      | 1 |  1.6
Stealth        | 1 |  1.6
Shields        | 1 |  1.6
Unarmed Combat | 1 |  1.6
Evocations     | 1 |  1.6
Conjurations   | 1 |  1.3
Hexes          | 1 |  1.3
Summonings     | 1 |  1.3
Necromancy     | 1 |  1.3
Transmutations | 1 |  1.3
Fire Magic     | 1 |  1.3
Ice Magic      | 1 |  1.3
Air Magic      | 1 |  1.3
Earth Magic    | 1 |  1.3
Poison Magic   | 1 |  1.3
Throwing       | 3 |  3.0
Armour         | 3 |  3.0
Fighting       | |  4.8
Polearms       | |  4.8
Dodging        | |  4.8
Translocations | |  5.6

Action                   |  1- 3 |  4- 6 || total
-------------------------+-------+-------++-------
Melee: Spear             |   162 |   306 ||   468
       Bite              |    10 |    17 ||    27
       Punch             |     2 |     3 ||     5
Throw: Stone             |       |    10 ||    10
       Boomerang         |       |    15 ||    15
 Cast: Blink             |       |     2 ||     2
 Stab: Sleeping          |     2 |     1 ||     3
Armor: Leather armour    |    48 |       ||    48
       Robe              |       |    45 ||    45
Dodge: Dodged            |    96 |   139 ||   235
